 Dungeon Crawl Stone Soup version 0.31-a0-1074-g0b22e4e0f1 (webtiles) character file.

Game seed: 6511647262420742137

342946 bmb222 the Impregnable (level 20, -19/217 HPs)
             Began as a Minotaur Gladiator on Nov 28, 2023.
             Was the Champion of the Shining One.
             Demolished by an acid blob (22 damage)
             ... on level 5 of the Pits of Slime on Nov 29, 2023.
             The game lasted 01:39:35 (64495 turns).

bmb222 the Impregnable (Minotaur Gladiator)        Turns: 64495, Time: 01:39:36

Health: -19/217    AC: 15    Str: 42    XL:     20   Next: 75%
Magic:  18/25      EV: 13    Int: 14    God:    the Shining One [******]
Gold:   2533       SH:  0    Dex: 19    Spells: 19/19 levels left

rFire   + . .        I - +5 glaive of Expedience {freeze, rC+ Str+7 Int+4}
rCold   + . .        (shield currently unavailable)
rNeg    + + +        r - melded +4 plate armour {rC+}
rPois   ∞            c - +1 hat
rElec   +            X - scarf of Ecker {repulsion, rF+ rN+ Regen+}
rCorr   +            Q - melded +2 pair of gloves
SInv    +            y - melded +2 pair of boots
Will    +++..        d - amulet of Uskayaw's Supremacy {Acrobat *Corrode Fly Str+6 Dex+2}
Stlth   +            z - ring "Ohiluf" {rN+++ rCorr Int+2 Dex-3 SInv}
HPRegen 1.36/turn    f - ring "Wod Ybo" {Str+3 Int+4 Slay+4}
MPRegen 0.19/turn

%: corrode self (3%), repel missiles, acrobat
@: mighty, about to teleport, statue-form, corroded, flying, glowing, studying 3
skills, very slow
A: slow and powerful, torment resistance 1, boosted hp, horns 2, retaliatory
headbutt, (iridescent scales 1), agile 1, low MP 1, screaming 1
}: 3/15 runes: decaying, serpentine, abyssal
a: Begin Untransformation, Renounce Religion, Divine Shield, Cleansing Flame,
Summon Divine Warrior, Brand Weapon With Holy Wrath


You were on level 5 of the Pits of Slime.
You worshipped the Shining One.
The Shining One was exalted by your worship.
You were a living statue of rough stone.
You visited 7 branches of the dungeon, and saw 38 of its levels.
You visited the Abyss 2 times.
You also visited: Bailey.

You collected 5005 gold pieces.
You spent 2472 gold pieces at shops.

Inventory:

Hand Weapons
 i - a +2 glaive of flaming
 l - a +4 glaive of venom
 I - the +5 glaive of Expedience (weapon) {freeze, rC+ Str+7 Int+4}
   (You acquired it in a bailey)

   Str+7:     It affects your strength (+7).
   Int+4:     It affects your intelligence (+4).
   rC+:       It protects you from cold.
Missiles
 O - 37 boomerangs
 P - 68 poisoned darts (quivered)
Armour
 c - a +1 hat (worn)
 r - a +4 plate armour of cold resistance (melded)
 y - a +2 pair of boots (melded)
 Q - a +2 pair of gloves (melded)
 X - the scarf of Ecker (worn) {repulsion, rF+ rN+ Regen+}
   (You bought it in a shop on level 4 of the Snake Pit)

   rF+:       It protects you from fire.
   rN+:       It protects you from negative energy.
   Regen+:    It increases your rate of health regeneration.
 Z - the scarf of Rotze {rC+ rF+, rN++ Stlth-}
   (You acquired it on level 11 of the Dungeon)

   rN++:      It greatly protects you from negative energy.
   Stlth-:    It makes you less stealthy.
Jewellery
 d - the amulet of Uskayaw's Supremacy (around neck) {Acrobat *Corrode Fly Str+6 Dex+2}
   (You took it off a deep elf annihilator on level 3 of the Elven Halls)

   [amulet of the acrobat]

   Acrobat:   It increases your evasion while moving and waiting.
   Str+6:     It affects your strength (+6).
   Dex+2:     It affects your dexterity (+2).
   Fly:       It grants you flight.
   *Corrode:  It may corrode you when you take damage.
 e - a ring of resist corrosion
 f - the ring "Wod Ybo" (right fist) {Str+3 Int+4 Slay+4}
   (You took it off a deep elf demonologist on level 3 of the Elven Halls)

   [ring of slaying]

   Str+3:     It affects your strength (+3).
   Int+4:     It affects your intelligence (+4).
   Slay+4:    It affects your accuracy & damage with ranged weapons and melee
   (+4).
 h - a ring of magical power
 p - a ring of ice
 z - the ring "Ohiluf" (left fist) {rN+++ rCorr Int+2 Dex-3 SInv}
   (You acquired it on level 4 of the Lair of Beasts)

   [ring of resist corrosion]

   Int+2:     It affects your intelligence (+2).
   Dex-3:     It affects your dexterity (-3).
   rN+++:     It renders you almost immune to negative energy.
   SInv:      It lets you see invisible.
   rCorr:     It protects you from acid and corrosion.
 B - a ring of willpower
 L - an amulet of the acrobat
 M - a +5 ring of evasion
Talismans
 o - the granite talisman "Gyblil" (active) {Will++ rCorr Dex+3}
   (You took it off Roxanne on level 15 of the Dungeon)

   [granite talisman]

   Dex+3:     It affects your dexterity (+3).
   Will++:    It greatly increases your willpower.
   rCorr:     It protects you from acid and corrosion.
Wands
 k - a wand of mindburst (18)
 n - a wand of roots (29)
 u - a wand of flame (91)
 D - a wand of polymorph (8)
 K - a wand of charming (37)
 U - a wand of digging (2)
 Y - a wand of quicksilver (15)
Scrolls
 g - 10 scrolls of identify
 j - a scroll of amnesia
 s - 17 scrolls of teleportation
 w - 3 scrolls of fog
 F - 5 scrolls of enchant armour
 H - 2 scrolls of silence
 N - 8 scrolls of enchant weapon
 R - 3 scrolls of brand weapon
 S - a scroll of revelation
 T - 3 scrolls of fear
Potions
 a - a potion of ambrosia
 b - a potion of might
 m - 3 potions of curing
 t - 4 potions of lignification
 A - 7 potions of cancellation
 E - 3 potions of brilliance
 G - a potion of berserk rage
 V - 4 potions of enlightenment
 W - 2 potions of magic


   Skills:
 * Level 14.9 Fighting
 - Level 2.4(2.9) Short Blades
 - Level 2.3(3.0) Long Blades
 - Level 2.0 Maces & Flails
 - Level 20.0 Polearms
 - Level 7.5 Throwing
 - Level 24.2 Armour
 * Level 3.4 Dodging
 - Level 1.4 Stealth
 - Level 1.7 Conjurations
 - Level 1.2 Hexes
 - Level 1.0 Summonings
 - Level 1.5 Necromancy
 - Level 1.1 Translocations
 - Level 1.7 Transmutations
 - Level 1.2 Fire Magic
 - Level 1.1 Ice Magic
 - Level 0.9 Air Magic
 - Level 1.3 Earth Magic
 - Level 1.3 Poison Magic
 - Level 12.0 Invocations
 - Level 3.6 Evocations
 * Level 15.4 Shapeshifting


You had 19 spell levels left.
You didn't know any spells.
Your spell library contained the following spells:

 Spells                   Type           Power      Damage    Failure   Level
 Magic Dart               Conj           16%        1d3       14%         1
 Foxfire                  Conj/Fire      16%        2x1d4     16%         1
 Kiss of Death            Conj/Necr      16%        2d6       16%         1
 Sting                    Tmut/Pois      16%        1d3       16%         1
 Sandblast                Erth           6%         2d5       17%         1
 Shock                    Conj/Air       12%        1d3       17%         1
 Slow                     Hex            12%        N/A       17%         1
 Freeze                   Ice            12%        1d3       19%         1
 Searing Ray              Conj           8%         2d4       22%         2
 Wereblood                Tmut           4%         N/A       22%         2
 Ensorcelled Hibernation  Hex/Ice        6%         N/A       26%         2
 Jinxbite                 Hex            6%         N/A       26%         2
 Static Discharge         Conj/Air       6%         3-4/arc   26%         2
 Poisonous Vapours        Pois/Air       6%         N/A       28%         2
 Dazzling Flash           Conj/Hex       8%         N/A       43%         3
 Hailstorm                Conj/Ice       4%         3d4       43%         3
 Ignite Poison            Fire/Tmut/Pois 4%         N/A       43%         3
 Stone Arrow              Conj/Erth      8%         3d7       43%         3
 Confusing Touch          Hex            3%         N/A       45%         3
 Mephitic Cloud           Conj/Pois/Air  3%         N/A       45%         3
 Tukima's Dance           Hex            3%         N/A       45%         3
 Frozen Ramparts          Ice            6%         1d1       47%         3
 Ozocubu's Armour         Ice            3%         N/A       47%         3
 Summon Guardian Golem    Hex/Summ       3%         N/A       47%         3
 Volatile Blastmotes      Fire/Tloc      6%         2d10      47%         3
 Swiftness                Air            2%         N/A       52%         3
 Dispel Undead            Necr           4%         3d7       83%         4
 Petrify                  Tmut/Erth      4%         N/A       83%         4
 Anguish                  Hex/Necr       1%         N/A       85%         4
 Fulminant Prism          Conj/Hex       2%         3d5       85%         4
 Iskenderun's Mystic Bla  Conj/Tloc      4%         2d3       85%         4
 Sticky Flame             Conj/Fire      4%         2d3       85%         4
 Cause Fear               Hex            1%         N/A       86%         4
 Olgreb's Toxic Radiance  Pois           3%         N/A       86%         4
 Animate Armour           Summ/Erth      6%         N/A       87%         4
 Dimensional Bullseye     Hex/Tloc       1%         N/A       87%         4
 Passage of Golubria      Tloc           3%         N/A       87%         4
 Summon Ice Beast         Ice/Summ       3%         N/A       88%         4
 Summon Lightning Spire   Summ/Air       2%         N/A       88%         4
 Vhi's Electric Charge    Tloc/Air       6%         N/A       88%         4
 Airstrike                Air            1%         2d(1-17)  89%         4
 Arcjolt                  Conj/Air       1%         1d11      99%         5
 Fireball                 Conj/Fire      2%         3d4       99%         5
 Freezing Cloud           Conj/Ice/Air   1%         6-21      99%         5
 Irradiate                Conj/Tmut      2%         3d12      99%         5
 Lee's Rapid Deconstruct  Erth           1%         3d4*      99%         5
 Summon Forest            Summ/Tloc      1%         N/A       99%         5
 Summon Mana Viper        Hex/Summ       3%         N/A       99%         5
 Yara's Violent Unravell  Hex/Tmut       2%         3d3       99%         5
 Eringya's Noxious Bog    Tmut/Pois      2%         4d6       100%        6
 Simulacrum               Ice/Necr       1%         N/A       100%        6
 Haunt                    Necr/Summ      1%         N/A       100%        7
 Ozocubu's Refrigeration  Ice            1%         4d7       100%        7
 Summon Hydra             Summ           1%         N/A       100%        7
 Borgnjor's Revivificati  Necr           2%         N/A       100%        8
 Ignition                 Fire           1%         3d3       100%        8
 Death's Door             Necr           2%         N/A       100%        9
 Dragon's Call            Summ           1%         N/A       100%        9
 Polar Vortex             Ice            1%         N/A       100%        9


Dungeon Overview and Level Annotations

Branches:
Dungeon (15/15)            Temple (0/1) D:7            Lair (5/5) D:8
  Swamp (4/4) Lair:2        Snake (4/4) Lair:2        Slime (5/5) Lair:5
    Orc (2/2) D:10            Elf (3/3) Orc:2        Vaults (0/5) D:13
 Depths (0/4) D:15         Bailey (visited)

Altars:
Cheibriados
Fedhas
Qazlal
Uskayaw
Vehumet
Yredelemnul
The Shining One
Jiyva

Shops:
Orc:2 ?(=[   Snake:4 ![[**

Annotations:
Slime:5 Royal Jelly


Innate Abilities, Weirdness & Mutations

You are a living statue of rough stone.
Your actions are slow, but your melee attacks are powerful.
You are resistant to unholy torment.
Your maximum health is increased.
Your equipment is partially melded.
You are immune to poison.
You have a pair of horns on your head.
You reflexively headbutt those who attack you in melee.
((You are partially covered in iridescent scales. (AC +2)))
You are agile. (Dex +4, Str/Int -1)
Your magical capacity is low. (-10% MP)
You occasionally shout uncontrollably at your foes.


Message History

You are splashed with acid.
You resist. The acid blob hits you!
* * * LOW HITPOINT WARNING * * *
The acid corrodes you!
You are splashed with acid.
You resist.
* * * LOW HITPOINT WARNING * * *
The acid blob spits acid at you. The splash of acid hits you. You resist.
* * * LOW HITPOINT WARNING * * *
The acid blob spits acid at you. The splash of acid misses you.
The splash of acid hits the acid blob.
The acid blob completely resists.
The quicksilver ooze closely misses you.
The quicksilver ooze barely misses you. The rockslime hits you.
* * * LOW HITPOINT WARNING * * *
You hold your ground!
The rockslime misses you. You furiously retaliate!
You headbutt the rockslime!
As you read the scroll of fog, it dissolves into smoke.
The acid blob barely misses you. You furiously retaliate!
You headbutt the acid blob!!! The acid blob spits acid at you.
The splash of acid hits you. You resist.
* * * LOW HITPOINT WARNING * * *
The quicksilver ooze hits you!!
* * * LOW HITPOINT WARNING * * *
The quicksilver ooze hits you!
* * * LOW HITPOINT WARNING * * *
You feel your power leaking away.
The acid blob jiggles.
The acid blob spits acid at you. The splash of acid hits you! You resist.
* * * LOW HITPOINT WARNING * * *
The acid corrodes you! The rockslime closely misses you.
You furiously retaliate!
You headbutt the rockslime!! The ooze engulfing you falls away.
The rockslime misses you. You furiously retaliate!
You headbutt the rockslime!!
The acid blob jiggles.
The acid blob spits acid at you. The splash of acid hits you! You resist.
The Shining One protects you from harm! The acid blob hits you!!
You die...

#.....# ##........ #......
#............. ##...##
#.............#
##.............# # ##
###.#............# ...
#.##...............##
.....#...J..............#:
.......JJJJ.............#)
...(.(JJJ8§.............#$
......J#JJJ.............#(
.#.#...#J##.............##
# ########..............#
##.............#
#.............#
#.............#
#............##
###...........#


You could see the Royal Jelly, 8 acid blobs, 2 rockslimes and 2 quicksilver
oozes.

Vanquished Creatures
  the Lernaean hydra (Swamp:4)
  Nikola (Snake:3)
  Jorgrun (D:12)
  Rupert (Snake:1)
  4 deep elf blademasters
  A lich (Abyss:3)
  2 deep elf master archers (Elf:3)
  4 tentacled starspawn (Abyss:3)
  10 acid blobs
  Roxanne (D:15)
  A tengu reaver (D:14)
  6 azure jellies
  Kirke (D:14)
  Aizul (Snake:2)
  4 rockslimes
  5 nagarajas
  A balrug (Abyss:3)
  Louise (Swamp:4)
  4 deep elf sorcerers (Elf:3)
  A ghoul (Elf:2)
  A cacodemon (Abyss:3)
  3 orc warlords
  A deep elf elementalist (Elf:3)
  6 quicksilver oozes
  3 very ugly things (Abyss:3)
  3 formless jellyfish (Slime:5)
  6 eleionomae
  An ironbound thunderhulk (D:13)
  A vampire knight (Elf:2)
  Nessos (D:15)
  6 bunyips
  4 deep elf annihilators (Elf:3)
  5 deep elf demonologists (Elf:3)
  A dire elephant (Lair:5)
  4 deep elf death magi
  3 spectral elves (Elf:2)
  An ettin (D:15)
  18 hydras
  5 deep elf high priests (Elf:3)
  A shambling mangrove (Swamp:4)
  2 rakshasas
  5 salamander tyrants (Snake:4)
  A great orb of eyes (Slime:4)
  A vault guard (D:13)
  2 catoblepae
  2 ogre magi (D:15)
  A spriggan air mage (Elf:3)
  6 anacondas
  10 two-headed ogres
  8 alligators
  5 centaur warriors
  5 boulder beetles
  Urug (Orc:2)
  A deep troll shaman (Lair:5)
  13 death yaks (Lair:5)
  26 dancing weapons
  18 naga warriors
  3 vampire magi (Elf:2)
  3 tengu warriors
  4 shock serpents
  7 orc high priests
  9 naga sharpshooters
  2 thrashing horrors (Abyss:3)
  5 occultists
  4 wretched stars (Abyss:3)
  2 sun demons (Abyss:3)
  15 deep elf knights
  3 shadow wraiths
  3 skysharks
  6 skeletal warriors
  8 salamander mystics
  5 goliath frogs
  4 spriggan druids
  A glowing orange brain (Slime:4)
  5 naga ritualists
  A bog body (Swamp:4)
  8 deep elf archers
  11 swamp dragons
  A phantasmal warrior (Abyss:2)
  20 deep elf zephyrmancers
  A necromancer (D:15)
  7 orc knights
  A harpy (shapeshifter) (D:15)
  A wolf spider (shapeshifter) (Orc:2)
  5 shining eyes
  22 ugly things
  5 will-o-the-wisps
  6 orc sorcerers
  4 mana vipers
  21 deep elf pyromancers
  9 cyclopes
  5 manticores
  A worldbinder (Abyss:3)
  20 salamanders
  2 oklob plants (Lair:5)
  8 guardian serpents
  13 elephants (Lair:5)
  4 large abominations
  33 black mambas
  A smoke demon (Abyss:3)
  2 eyes of devastation (Slime:4)
  14 naga magi
  15 cane toads
  2 unseen horrors
  2 gargoyles
  2 yaktaurs
  A rime drake (shapeshifter) (D:15)
  3 rime drakes
  2 tengu conjurers (D:15)
  10 komodo dragons
  2 freezing wraiths
  3 red devils (D:10)
  An ancient zyme (Abyss:3)
  3 polar bears
  A bloated husk (Swamp:1)
  6 trolls
  11 hornets
  2 meliai (D:14)
  6 tyrant leeches
  20 blink frogs
  5 dream sheep (Lair:5)
  4 glass eyes
  81 slime creatures
  A flying skull (Elf:2)
  A vampire (D:12)
  2 centaur simulacra (D:14)
  67 yaks
  7 spriggans
  A starcursed mass (Abyss:3)
  3 water elementals
  4 wraiths
  7 wyverns
  5 fire elementals
  4 basilisks
  2 hogs (D:14)
  4 golden eyes
  2 steam dragons
  13 vampire mosquitoes
  4 humans (D:13)
  17 swamp worms
  9 wargs
  2 acid dragons
  39 nagas
  24 water moccasins
  A hell hound (Abyss:3)
  Duvessa (D:5)
  6 black bears
  2 sky beasts (D:7)
  2 ice beasts
  56 orc warriors
  16 swamp drakes
  A black bear (shapeshifter) (D:13)
  18 ogres
  3 small abominations (Abyss:3)
  9 boggarts
  26 wolves
  8 centaurs
  2 phantoms
  3 elf simulacra (Elf:2)
  18 bullfrogs
  3 kobold brigands
  2 earth elementals (Elf:3)
  A gnoll sergeant (D:10)
  4 scorpions
  Dowan (D:5)
  11 killer bees (D:8)
  3 howler monkeys
  An electric eel (Lair:5)
  A hound (D:4)
  31 orc priests
  A gnoll bouda (D:10)
  7 jellies
  A sleepcap (D:7)
  5 iguanas
  20 orc wizards
  21 gnolls
  12 adders
  A worm (D:3)
  2 dart slugs (D:2)
  95 orcs
  7 ball pythons
  6 bats
  9 endoplasms
  2 giant cockroaches
  18 goblins
  18 hobgoblins
  12 jackals
  37 kobolds
  A quokka (D:2)
  2 frilled lizards
  7 rats
  A spectral orc (D:5)
  A butterfly (Lair:3)
  5 starspawn tentacles (Abyss:3)
1468 creatures vanquished.

Vanquished Creatures (collateral kills)
  A deep elf blademaster (Elf:3)
  A very ugly thing (Abyss:3)
  A starflower (Abyss:3)
  A vampire knight (Elf:2)
  A deep elf death mage (Elf:2)
  2 hydras (Swamp:4)
  A vampire mage (Elf:2)
  3 wretched stars (Abyss:3)
  A phantasmal warrior (Elf:2)
  An oklob plant (Abyss:3)
  A spriggan (Swamp:4)
  5 starcursed masses (Abyss:3)
  A quasit (Abyss:3)
20 creatures vanquished.

Vanquished Creatures (others)
  2 bloated husks
  An air elemental (Elf:3)
  2 spriggans (Swamp:4)
  A water elemental (Elf:3)
  A vampire (Abyss:3)
  A human (D:14)
  A swamp worm (Swamp:1)
  An orc warrior (Orc:1)
  14 foxfires
  9 starspawn tentacles (Abyss:3)
33 creatures vanquished.

Grand Total: 1521 creatures vanquished

Notes
Turn   | Place    | Note
-------+----------+-------------------------------------------
     0 | D:1      | bmb222 the Minotaur Gladiator began the quest for the Orb.
     0 | D:1      | Reached XP level 1. HP: 18/18 MP: 0/0
   162 | D:1      | Reached skill level 1 in Armour
   193 | D:1      | Reached XP level 2. HP: 25/25 MP: 1/1
   562 | D:2      | Reached XP level 3. HP: 30/30 MP: 2/2
   735 | D:2      | Found a faded altar of an unknown god.
   889 | D:2      | Reached skill level 5 in Polearms
  1477 | D:3      | Reached XP level 4. HP: 33/38 MP: 3/3
  1927 | D:4      | Noticed a phantom
  1944 | D:4      | Killed a phantom
  1945 | D:4      | Reached skill level 2 in Armour
  1945 | D:4      | Reached XP level 5. HP: 23/45 MP: 4/4
  2040 | D:4      | Found a snail-covered altar of Cheibriados.
  2085 | D:4      | Found a glowing golden altar of the Shining One.
  2382 | D:4      | Found a stormy altar of Qazlal.
  2389 | D:4      | Became a worshipper of the Shining One
  2496 | D:4      | Noticed a black bear
  2502 | D:4      | Killed a black bear
  2503 | D:4      | Reached skill level 3 in Armour
  2503 | D:4      | Reached XP level 6. HP: 51/51 MP: 5/5
  2552 | D:4      | Reached skill level 4 in Armour
  2891 | D:5      | Entered Level 5 of the Dungeon
  2926 | D:5      | Reached XP level 7. HP: 57/57 MP: 6/6
  3039 | D:5      | Reached skill level 5 in Armour
  3493 | D:5      | Found a hide-covered altar of Uskayaw.
  3718 | D:5      | Found a basalt altar of Yredelemnul.
  3761 | D:5      | Noticed Duvessa
  3769 | D:5      | Killed Duvessa
  3770 | D:5      | Reached skill level 6 in Armour
  3771 | D:5      | Noticed Dowan
  3779 | D:5      | Reached XP level 8. HP: 61/66 MP: 7/7
  3780 | D:5      | Killed Dowan
  3791 | D:5      | Identified the blade talisman "Xesko" {Str+3}
  4015 | D:6      | Reached skill level 10 in Polearms
  4163 | D:6      | Reached * piety under the Shining One
  4562 | D:6      | Found a blossoming altar of Fedhas.
  4578 | D:6      | Reached skill level 7 in Armour
  4771 | D:7      | Found a radiant altar of Vehumet.
  5255 | D:7      | Reached XP level 9. HP: 63/72 MP: 8/8
  5348 | D:7      | Reached skill level 8 in Armour
  5607 | D:7      | Found a staircase to the Ecumenical Temple.
  5960 | D:8      | Reached skill level 5 in Fighting
  6223 | D:8      | Reached skill level 9 in Armour
  6303 | D:8      | Found a staircase to the Lair.
  6374 | D:8      | Reached XP level 10. HP: 55/83 MP: 9/9
  8466 | D:9      | Reached skill level 10 in Armour
  8593 | D:9      | Paralysed by a hornet for 1 turns
  8598 | D:9      | Reached skill level 1 in Stealth
  8706 | D:9      | Noticed a gargoyle
 10190 | D:9      | Reached skill level 15 in Polearms
 10405 | D:9      | Killed a gargoyle
 10733 | D:10     | Entered Level 10 of the Dungeon
 10733 | D:10     | Reached ** piety under the Shining One
 10926 | D:10     | Found a flagged portal.
 11002 | Bailey   | Entered a bailey
 11080 | Bailey   | Noticed an orc warlord
 11267 | Bailey   | Reached XP level 11. HP: 88/93 MP: 10/10
 11290 | Bailey   | Found a runed translucent gate.
 11290 | Bailey   | Found a runed translucent gate.
 11290 | Bailey   | Found a runed translucent gate.
 11600 | Bailey   | Killed an orc warlord
 12504 | Bailey   | Acquired the +5 glaive of Expedience {freeze, rC+ Str+7
                  | Int+4}
 12622 | D:10     | Reached skill level 11 in Armour
 12693 | D:10     | Paralysed by a hornet for 3 turns
 13064 | D:10     | Found a staircase to the Orcish Mines.
 13345 | Orc:1    | Entered Level 1 of the Orcish Mines
 13778 | Orc:1    | Noticed an orc warlord
 13804 | Orc:1    | Killed an orc warlord
 14297 | Orc:1    | Noticed an orc knight
 14299 | Orc:1    | Reached skill level 1 in Evocations
 14632 | Orc:1    | Killed an orc knight
 14637 | Orc:1    | Reached skill level 1 in Invocations
 14735 | Orc:1    | Noticed an orc knight
 14755 | Orc:1    | Killed an orc knight
 14859 | Orc:1    | Reached *** piety under the Shining One
 14862 | Orc:1    | Noticed an orc high priest
 14877 | Orc:1    | Killed an orc high priest
 15020 | Orc:1    | Noticed an orc sorcerer
 15024 | Orc:1    | Killed an orc sorcerer
 15025 | Orc:1    | Reached XP level 12. HP: 104/106 MP: 12/12
 15170 | Orc:2    | Entered Level 2 of the Orcish Mines
 15240 | Orc:2    | Noticed a two-headed ogre
 15244 | Orc:2    | Killed a two-headed ogre
 15253 | Orc:2    | Noticed Urug
 15265 | Orc:2    | Killed Urug
 15266 | Orc:2    | Reached skill level 10 in Fighting
 15269 | Orc:2    | Noticed a two-headed ogre
 15271 | Orc:2    | a two-headed ogre changed into a glowing shapeshifter
 15617 | Orc:2    | Noticed a two-headed ogre
 15622 | Orc:2    | Killed a two-headed ogre
 15647 | Orc:2    | Reached skill level 12 in Armour
 15703 | Orc:2    | Noticed an orc high priest
 15708 | Orc:2    | Killed an orc high priest
 15732 | Orc:2    | Reached skill level 5 in Throwing
 15964 | Orc:2    | Reached **** piety under the Shining One
 16037 | Orc:2    | Found a staircase to the Elven Halls.
 16118 | Orc:2    | Noticed an orc warlord
 16154 | Orc:2    | Killed an orc warlord
 16633 | Orc:2    | Noticed an orc high priest
 16642 | Orc:2    | Killed an orc high priest
 16680 | Orc:2    | Found Orurr's Antique Armour Emporium.
 16680 | Orc:2    | Noticed an orc high priest
 16689 | Orc:2    | Reached ***** piety under the Shining One
 16693 | Orc:2    | Killed an orc high priest
 16754 | Orc:2    | Noticed an orc high priest
 16762 | Orc:2    | Killed an orc high priest
 16766 | Orc:2    | Found Dacvyll's Jewellery Boutique.
 16802 | Orc:2    | Noticed an orc high priest
 16811 | Orc:2    | Killed an orc high priest
 16812 | Orc:2    | Reached XP level 13. HP: 100/116 MP: 14/14
 17168 | Orc:2    | Found Ceoruomi's Weapon Emporium.
 17179 | Orc:2    | Found Keud's Magic Scroll Shoppe.
 17523 | Lair:1   | Entered Level 1 of the Lair of Beasts
 18334 | Lair:2   | Identified the +9 rapier "Karuja Ruzen" {speed, +Blink
                  | Will+}
 18368 | Lair:2   | Reached skill level 1 in Shapeshifting
 18881 | Lair:2   | Found a staircase to the Snake Pit.
 19300 | Lair:2   | Reached skill level 13 in Armour
 19541 | Lair:2   | Found a staircase to the Swamp.
 20151 | Lair:3   | Reached XP level 14. HP: 123/127 MP: 16/16
 20180 | Lair:3   | Found a stormy altar of Qazlal.
 21297 | Lair:4   | Identified the ring of Circularity {Ice *Slow rPois MP+9
                  | Dex+6}
 21303 | Lair:4   | Acquired the ring "Ohiluf" {rN+++ rCorr Int+2 Dex-3 SInv}
 21754 | Lair:5   | Entered Level 5 of the Lair of Beasts
 21756 | Lair:5   | Reached ****** piety under the Shining One
 21911 | Lair:5   | Reached skill level 14 in Armour
 22601 | Lair:5   | Found a staircase to the Slime Pits.
 22601 | Lair:5   | Found a viscous altar of Jiyva.
 23176 | Lair:5   | Reached skill level 1 in Short Blades
 23217 | Lair:5   | Reached skill level 1 in Long Blades
 23217 | Lair:5   | Reached XP level 15. HP: 139/139 MP: 17/17
 23221 | Lair:5   | Reached skill level 5 in Shapeshifting
 23228 | Lair:5   | Reached skill level 1 in Maces & Flails
 23343 | Lair:5   | Identified the +9 hand axe of Prudence {elec, rF+ rC+
                  | Will++}
 23767 | D:11     | Acquired the scarf of Rotze {rC+ rF+, rN++ Stlth-}
 24177 | D:11     | Reached skill level 1 in Conjurations
 24610 | D:12     | Acquired 1111 gold pieces
 24836 | D:12     | Noticed Jorgrun
 24850 | D:12     | Killed Jorgrun
 25210 | D:13     | Reached skill level 1 in Translocations
 25253 | D:13     | Reached skill level 1 in Transmutations
 25253 | D:13     | Reached skill level 1 in Fire Magic
 25390 | D:13     | Reached skill level 1 in Hexes
 25594 | D:13     | Reached skill level 1 in Earth Magic
 25934 | D:13     | Reached skill level 1 in Necromancy
 26310 | D:13     | Found a gate to the Vaults.
 26757 | D:14     | Reached skill level 1 in Poison Magic
 26797 | D:14     | Noticed Kirke
 26808 | D:14     | Killed Kirke
 27296 | D:14     | Reached skill level 1 in Summonings
 27337 | D:14     | Reached skill level 1 in Ice Magic
 28019 | D:14     | Noticed a tengu reaver
 28038 | D:14     | Killed a tengu reaver
 28274 | D:14     | Reached XP level 16. HP: 133/147 MP: 18/18
 28514 | Orc:2    | Bought a granite talisman for 840 gold pieces
 28707 | D:15     | Entered Level 15 of the Dungeon
 28824 | D:15     | Reached skill level 5 in Invocations
 28952 | D:15     | Identified the granite talisman "Gyblil" {Will++ rCorr
                  | Dex+3}
 28952 | D:15     | Noticed Roxanne
 29071 | D:15     | Noticed Nessos
 29077 | D:15     | Killed Nessos
 29558 | D:15     | Found a staircase to the Depths.
 30327 | D:15     | Reached skill level 10 in Shapeshifting
 30538 | D:15     | Killed Roxanne
 30801 | Snake:1  | Entered Level 1 of the Snake Pit
 31702 | Snake:1  | Noticed Rupert
 31705 | Snake:1  | Paralysed by Rupert for 3 turns
 31715 | Snake:1  | Killed Rupert
 32279 | Snake:1  | Found a runed translucent door.
 32632 | Swamp:1  | Entered Level 1 of the Swamp
 33980 | Orc:2    | Bought a pair of glowing boots for 232 gold pieces
 34910 | Swamp:2  | Reached XP level 17. HP: 81/154 MP: 23/23
 35698 | Swamp:2  | Reached skill level 10 in Invocations
 36978 | Swamp:4  | Entered Level 4 of the Swamp
 38163 | Swamp:4  | Noticed Louise
 38170 | Swamp:4  | Killed Louise
 38785 | Swamp:4  | Noticed the 27-headed Lernaean hydra
 38800 | Swamp:4  | Killed the 22-headed Lernaean hydra
 39106 | Swamp:4  | Got a decaying rune of Zot
 40596 | Snake:2  | Identified the serpent talisman of the Barnacle {rF+ SInv}
 40596 | Snake:2  | Noticed Aizul
 40610 | Snake:2  | Killed Aizul
 42217 | Snake:3  | Reached XP level 18. HP: 148/162 MP: 26/26
 42793 | Snake:3  | Reached skill level 15 in Armour
 42945 | Snake:3  | Noticed Nikola
 43085 | Snake:3  | Killed Nikola
 44083 | Snake:4  | Entered Level 4 of the Snake Pit
 44280 | Snake:4  | Found Nuan's Armour Shop.
 44282 | Snake:4  | Found Puelipao's General Store.
 44282 | Snake:4  | Found Neumoa's Antique Armour Shop.
 44285 | Snake:4  | Found Pukebb Xusie's General Store.
 44292 | Snake:4  | Bought a pair of glowing boots for 285 gold pieces
 44292 | Snake:4  | Bought a smoking scarf for 380 gold pieces
 44292 | Snake:4  | Identified the scarf of Ecker {repulsion, rF+ rN+ Regen+}
                  | (You bought it in a shop on level 4 of the Snake Pit)
 44366 | Snake:4  | Reached skill level 16 in Armour
 44556 | Snake:4  | Bought a scroll of teleportation for 33 gold pieces
 44556 | Snake:4  | Bought a scroll of teleportation for 33 gold pieces
 44595 | Snake:4  | Found Uguthri's Distillery.
 44603 | Snake:4  | Bought a potion of might for 68 gold pieces
 44603 | Snake:4  | Bought a potion of curing for 51 gold pieces
 48670 | Snake:4  | Reached skill level 17 in Armour
 48905 | Snake:4  | Got a serpentine rune of Zot
 49346 | Elf:1    | Entered Level 1 of the Elven Halls
 49900 | Snake:4  | Bought a +4 plate armour of cold resistance for 550 gold
                  | pieces
 50834 | Elf:2    | Reached skill level 18 in Armour
 51090 | Elf:2    | Identified the blade talisman "Touxt" {Fly MP+9 Dex+2}
 51113 | Elf:2    | Found a runed translucent gate.
 51113 | Elf:2    | Found a runed translucent gate.
 51151 | Elf:2    | Found a runed translucent gate.
 51155 | Elf:2    | Reached XP level 19. HP: 169/169 MP: 27/27
 51582 | Elf:2    | Reached skill level 19 in Armour
 51825 | Elf:3    | Entered Level 3 of the Elven Halls
 52228 | Elf:3    | Reached skill level 20 in Armour
 52263 | Abyss:2  | Cast into level 2 of the Abyss (a deep elf sorcerer)
 52348 | Elf:3    | Escaped the Abyss
 52363 | Elf:3    | Identified the +0 tower shield "Roliom" {Int+3 Dex+3
                  | Slay+3}
 52381 | Elf:3    | Noticed a Tzitzimitl
 53412 | Elf:3    | Got the Incunable of the Arsonist
 53777 | Elf:3    | Identified the +0 scale mail of Iceopn {+Inv rF+ Regen+
                  | Int-3}
 53802 | Elf:3    | Reached skill level 21 in Armour
 53940 | Elf:3    | Got Neklifoh's Volume of Breccia
 53947 | Elf:3    | Got the Elucidation of Chilblains
 53958 | Elf:3    | Got the Tractate on Exhalation
 53966 | Abyss:3  | Cast into level 3 of the Abyss (a deep elf demonologist)
 54094 | Abyss:3  | Gained mutation: You have sharp toenails. [a cacodemon]
 54100 | Abyss:3  | Paralysed by accursed screaming for 1 turns
 54345 | Abyss:3  | Reached skill level 22 in Armour
 54354 | Abyss:3  | Identified the +7 tower shield "Ytiref" {Will+ rCorr
                  | Stlth+}
 54363 | Abyss:3  | Reached XP level 20. HP: 65/159 MP: 14/22
 54377 | Abyss:3  | Got an abyssal rune of Zot
 54382 | Elf:3    | Escaped the Abyss
 54561 | Elf:3    | Identified the ring "Wod Ybo" {Str+3 Int+4 Slay+4}
 56470 | Elf:3    | Identified the +3 hand axe of the Water Diviner {holy, Fly
                  | rElec rC+}
 56470 | Elf:3    | Identified the amulet of Uskayaw's Supremacy {Acrobat
                  | *Corrode Fly Str+6 Dex+2}
 56856 | Elf:3    | Found the +3 hat of Pondering {ponderous, Will+ MP+10
                  | Int+5}
 56859 | Elf:3    | Got the Quarto of Flinty Contamination
 56872 | Elf:3    | Got the Guidebook on Cunning Hoarfrost
 56874 | Elf:3    | Identified the +0 cloak of Death Resistance {rPois rC-
                  | Str+5 SInv}
 56879 | Elf:3    | Got the Handbook of Confrontation
 57267 | Slime:1  | Entered Level 1 of the Pits of Slime
 57284 | Slime:1  | Reached skill level 15 in Shapeshifting
 58170 | Slime:4  | Reached skill level 23 in Armour
 59423 | Slime:3  | Gained mutation: Armour fits poorly on your strangely
                  | shaped body. [a shining eye]
 62019 | Slime:2  | Gained mutation: You occasionally shout uncontrollably at
                  | your foes. [a shining eye]
 63424 | Slime:5  | Entered Level 5 of the Pits of Slime
 63430 | Slime:5  | Reached skill level 24 in Armour
 63445 | Slime:5  | Gained mutation: You are clumsy. (Dex -2) [a shining eye]
 63447 | Slime:5  | Gained mutation: Your magical capacity is low. (-10% MP) [a
                  | shining eye]
 63448 | Slime:5  | Gained mutation: Your spells are a little easier to cast,
                  | but a little less powerful. [a shining eye]
 63449 | Slime:5  | Gained mutation: You sometimes lose your temper in combat.
                  | [a shining eye]
 63451 | Slime:5  | Gained mutation: You are dopey. (Int -2) [a shining eye]
 63968 | Slime:5  | Gained mutation: You are frail. (-10% HP) [a shining eye]
 64319 | Slime:5  | Lost mutation: Your spells are a little easier to cast, but
                  | a little less powerful. [potion of mutation]
 64319 | Slime:5  | Lost mutation: Armour fits poorly on your strangely shaped
                  | body. [potion of mutation]
 64319 | Slime:5  | Gained mutation: You are partially covered in iridescent
                  | scales. (AC +2) [potion of mutation]
 64319 | Slime:5  | Gained mutation: Your muscles are strong. (Str +4, Int/Dex
                  | -1) [potion of mutation]
 64320 | Slime:5  | Lost mutation: Your muscles are strong. (Str +4, Int/Dex
                  | -1) [potion of mutation]
 64320 | Slime:5  | Lost mutation: You are dopey. (Int -2) [potion of mutation]
 64320 | Slime:5  | Gained mutation: You are strong-willed. (Will+) [potion of
                  | mutation]
 64320 | Slime:5  | Gained mutation: You are vulnerable to heat. (rF-) [potion
                  | of mutation]
 64323 | Slime:5  | Lost mutation: You are clumsy. (Dex -2) [potion of
                  | mutation]
 64323 | Slime:5  | Lost mutation: You have sharp toenails. [potion of
                  | mutation]
 64323 | Slime:5  | Lost mutation: You are vulnerable to heat. (rF-) [potion of
                  | mutation]
 64324 | Slime:5  | Lost mutation: You sometimes lose your temper in combat.
                  | [potion of mutation]
 64324 | Slime:5  | Lost mutation: You are strong-willed. (Will+) [potion of
                  | mutation]
 64324 | Slime:5  | Gained mutation: You are agile. (Dex +4, Str/Int -1)
                  | [potion of mutation]
 64324 | Slime:5  | Lost mutation: You are frail. (-10% HP) [potion of
                  | mutation]
 64487 | Slime:5  | Noticed the Royal Jelly
 64495 | Slime:5  | HP: 10/217 [quicksilver ooze[the Royal Jelly] (9)]
 64495 | Slime:5  | HP: 3/217 [acid blob/splash of acid (7)]
 64495 | Slime:5  | The Shining One protects you from harm!
 64495 | Slime:5  | Demolished by an acid blob

Illustrated notes

Levels and vault maps discovered:
D:1:      dpeg_arrival_houses_and_road, layout_rooms, minmay_misc_feat_hallway,
          serial_park_tiny_1
D:2:      layout_basic, ebering_ecumenical_altar_petrified, minmay_unequal
D:3:      layout_basic, minmay_close_crescents
D:4:      layout_basic, lemuel_crystal_altar,
          chequers_temple_overflow_statue_of_worship
D:5:      layout_basic, nicolae_uskayaw_murder_on_the_dancefloor,
          yredelemnul_forgotten_temple_becter, serial_bayou_crossing,
          uniq_duvessa
D:6:      layout_loops_ring, fedhas_altar_fruit_tree
D:7:      layout_loops_ring, fiery_altar_vehumet,
          minmay_temple_entry_sparse_star
D:8:      corexii_shantytown, layout_gridville, minmay_lair_entry_grove
D:9:      layout_loops_ring, bh_walls_and_bars
D:10:     layout_loops_ring, david_orc_2, enter_bailey_6,
          einodemon_armed_red_devil_minivault
D:11:     layout_cave_pods
D:12:     layout_long_grid, uniq_jorgrun
D:13:     layout_basic, hellmonk_vaults_keyhole
D:14:     minmay_connected_boxes_in_corner, layout_cave_pools,
          minmay_misc_feat_alley, uniq_kirke
D:15:     hangedman_depths_entry_civil_slaughter, layout_loops_corners,
          grunt_decor_arrowhead, uniq_roxanne, uniq_nessos
Lair:1:   layout_cave_shapes
Lair:2:   layout_cave_pods, minmay_swamp_entry_worms,
          alex1729_snake_entry_snake, nicolae_lair_grove_arrangements,
          minivault_19
Lair:3:   layout_cave_pods, basic_altar, grunt_megastairs_5, lemuel_fruit_fields
Lair:4:   layout_loops_ring, minivault_11, chequers_serial_rivers_small_b,
          grunt_megastairs_2, infiniplex_staircase_pool_2
Lair:5:   grunt_lair_end_beastmaster, layout_cave_pods,
          nicolae_slime_entry_slimehenge, dpeg_oklob_1, serial_bayou_shore_a
Swamp:1:  layout_basic_swamp, evilmike_swamp_ruin_wall, swamp_pool_5
Swamp:2:  layout_basic_swamp, evilmike_swamp_ruin_rubble_2, swamp_pool_1_2
Swamp:3:  layout_basic_swamp, evilmike_swamp_ruin_house_1, swamp_pool_5
Swamp:4:  swamp_basic_johnstein, layout_basic_swamp, swamp_pool_4, uniq_louise
Snake:1:  layout_onion, lightli_airlock, uniq_rupert
Snake:2:  layout_onion, serial_bayou_shore_b, uniq_aizul
Snake:3:  layout_cave_town, uniq_nikola
Snake:4:  grunt_snake_rune_pools, layout_basic, serial_shops,
          nicolae_shop_behind_doors, serial_bayou_shore_b, minmay_shoptagon
Slime:1:  layout_caves, nicolae_slime_getting_an_eyeful
Slime:2:  layout_caves
Slime:3:  layout_caves
Slime:4:  layout_caves
Slime:5:  slime_pit_nicolae_inversion
Orc:1:    orc_temple, layout_diamond_mine, nicolae_orc_lost_temple
Orc:2:    pubby_orc_utopia, uniq_urug
Elf:1:    layout_geoelf_octagon, evilmike_minifort
Elf:2:    nicolae_elf_blades_crystal_corner, layout_geoelf_octagon,
          nicolae_elf_deep_mausoleum
Elf:3:    minmay_elf_hall_not_hex, layout_loops_cross,
          nicolae_elf_elemental_lessons

Skill      XL: |  1  2  3  4  5  6  7  8  9 10 11 12 13 14 15 16 17 18 19 20 |
---------------+-------------------------------------------------------------+-----
Polearms       | 4 5 6 7 9 11 13 15 16 18 20 | 20.0
Armour         | 1 2 3 4 6 7 9 10 11 12 13 14 18 22 24 | 24.2
Fighting       | 3 4 5 7 9 11 12 14 | 14.9
Stealth        | 1 |  1.4
Throwing       | 3 4 5 6 7 |  7.5
Evocations     | 1 3 |  3.6
Invocations    | 1 3 4 9 12 | 12.0
Shapeshifting  | 2 4 8 11 13 14 15 | 15.4
Short Blades   | 1 2 |  2.4
Long Blades    | 1 2 |  2.3
Maces & Flails | 2 |  2.0
Conjurations   | 1 |  1.7
Translocations | 1 |  1.1
Transmutations | 1 |  1.7
Fire Magic     | 1 |  1.2
Hexes          | 1 |  1.2
Earth Magic    | 1 |  1.3
Necromancy     | 1 |  1.5
Poison Magic   | 1 |  1.3
Summonings     | 1 |  1.0
Ice Magic      | 1 |  1.1
Dodging        | |  3.4
Air Magic      | |  0.9

Action                     |  1- 3 |  4- 6 |  7- 9 | 10-12 | 13-15 | 16-18 | 19-21 || total
---------------------------+-------+-------+-------+-------+-------+-------+-------++-------
  Melee: Trident           |    78 |   108 |    27 |   200 |       |       |       ||   413
         Headbutt          |     7 |    14 |    48 |    92 |   200 |   223 |   146 ||   730
         Punch             |     1 |       |       |     1 |       |       |       ||     2
         Halberd           |       |       |   175 |   120 |       |       |       ||   295
         Glaive            |       |       |       |   331 |   878 |  1263 |   761 ||  3233
         Kick              |       |       |       |       |       |       |    30 ||    30
  Throw: Dart              |       |       |       |     6 |     1 |     4 |     6 ||    17
 Invoke: Summon Divine War |       |       |       |       |       |     1 |     4 ||     5
         Cleansing Flame   |       |       |       |       |       |       |     2 ||     2
  Evoke: Wand              |       |       |       |    19 |    12 |     6 |     7 ||    44
    Use: Scroll            |       |       |       |    27 |    10 |     5 |     8 ||    50
         Potion            |       |       |       |     2 |     2 |    10 |    18 ||    32
 Armour: Leather armour    |     4 |       |       |       |       |       |       ||     4
         Ring mail         |    33 |    46 |    93 |   110 |       |       |       ||   282
         Plate armour      |       |       |       |    63 |   352 |   337 |   478 ||  1230
         Swamp dragon scal |       |       |       |       |       |   396 |       ||   396
         Skin              |       |       |       |       |       |       |    73 ||    73
  Dodge: Dodged            |    39 |    50 |    94 |   234 |   329 |   646 |   353 ||  1745
         Repelled          |       |       |       |       |       |    16 |    28 ||    44
   Form: Statue            |       |       |       |       |       |       |     1 ||     1

Table legend: (Time is in decaauts)
 A = Elapsed time spent in this place.
 B = Non-inter-level travel time spent in this place.
 C = Inter-level travel time spent in this place.
 D = Time resting spent in this place.
 E = Time spent auto-exploring this place.
 F = Levels seen in this place.
 G = Mean time per level.
                   A        B        C        D        E       F      G
               +--------+--------+--------+--------+--------+-----+--------+
         Total |  65038 |  60695 |   4343 |  28624 |  23762 |  41 | 1586.3 |
       Dungeon |  19301 |  17634 |   1667 |   4833 |  10331 |  15 | 1286.7 |
          Lair |   7212 |   6099 |   1113 |   1424 |   3775 |   5 | 1442.4 |
         Swamp |   6516 |   6329 |    187 |   3366 |   2158 |   4 | 1629.0 |
     Snake Pit |  10914 |  10585 |    329 |   7004 |   2640 |   4 | 2728.5 |
    Slime Pits |   8229 |   8180 |     49 |   5714 |   1560 |   5 | 1645.8 |
  Orcish Mines |   4372 |   3587 |    785 |   1349 |   1555 |   2 | 2186.0 |
   Elven Halls |   6518 |   6308 |    210 |   3809 |   1510 |   3 | 2172.7 |
         Abyss |    470 |    470 |      0 |     29 |      0 |   2 |  235.0 |
        Bailey |   1504 |   1504 |      0 |   1092 |    230 |   1 | 1504.0 |
               +--------+--------+--------+--------+--------+-----+--------+

Top non-repeatable levels by time:
   Elf:3: 4507 daAuts
 Snake:4: 4474 daAuts
 Slime:3: 3937 daAuts
     D:8: 3185 daAuts
 Snake:3: 3172 daAuts
   Orc:2: 2658 daAuts
 Swamp:4: 2477 daAuts
  Lair:2: 2266 daAuts
    D:13: 2012 daAuts
 Swamp:1: 1868 daAuts
  Lair:5: 1825 daAuts
     D:9: 1802 daAuts
    D:10: 1779 daAuts
   Orc:1: 1713 daAuts
    D:15: 1664 daAuts
